 Dungeon Crawl Stone Soup version 0.29.1-12-g30fa7ad0bf (webtiles) character file.

Game seed: 7317253201941299571

937 safid the Skirmisher (level 7, -1/68 HPs)
             Began as a Minotaur Hunter on Dec 19, 2022.
             Slain by an orc warrior
             ... wielding a +0 scimitar
              (12 damage)
             ... on level 5 of the Dungeon.
             The game lasted 00:07:20 (3788 turns).

safid the Skirmisher (Minotaur Hunter)              Turns: 3788, Time: 00:07:21

Health: -1/68      AC:  4    Str: 15      XL:     7   Next: 87%
Magic:  6/6        EV: 12    Int:  6      God:
Gold:   236        SH:  0    Dex: 15 (16) Spells: 6/6 levels left

rFire   . . .      SeeInvis .   a - +0 shortbow
rCold   . . .      Faith    .   (shield currently unavailable)
rNeg    . . .      Spirit   .   c - +0 leather armour
rPois   .          Reflect  .   (helmet restricted)
rElec   .          Harm     .   (no cloak)
rCorr   .          Rampage  .   (no gloves)
Will    .....                   k - +0 pair of boots
Stlth   +.........              (no amulet)
HPRegen 0.21/turn               (no ring)
MPRegen 0.10/turn               (no ring)

@: lethally poisoned (-1 -> -2)
A: horns 2, retaliatory headbutt
a: no special abilities


You were on level 5 of the Dungeon.
You visited 1 branch of the dungeon, and saw 5 of its levels.

You collected 236 gold pieces.

Inventory:

Hand Weapons
 a - a +0 shortbow (weapon)
Armour
 c - a +0 leather armour (worn)
 k - a +0 pair of boots (worn)
Jewellery
 m - a ring of poison resistance
 o - a +6 ring of strength
Wands
 q - a wand of paralysis (5)
 s - a wand of mindburst (9)
Scrolls
 b - a scroll of immolation
 g - 6 scrolls of teleportation {unknown}
 j - a scroll of fear {unknown}
 l - 4 scrolls of enchant armour {unknown}
 n - a scroll of brand weapon {unknown}
 p - 2 scrolls of identify {unknown}
 r - a scroll of noise {unknown}
 t - a scroll of silence {unknown}
 u - a scroll of enchant weapon {unknown}
 v - 2 scrolls of butterflies {unknown}
Potions
 d - a potion of lignification {unknown}
 e - 3 potions of curing {unknown}
 f - a potion of brilliance {unknown}
 h - 2 potions of degeneration {unknown}
 i - a potion of invisibility {unknown}


   Skills:
 - Level 8.0 Fighting
 + Level 8.3 Ranged Weapons
 - Level 2.1 Dodging
 - Level 0.7 Stealth


You had 6 spell levels left.
You didn't know any spells.
Your spell library contained the following spells:

 Spells                   Type           Power      Damage    Failure   Level
 Gell's Gravitas          Tloc           0%         N/A       88%         3
 Lesser Beckoning         Tloc           0%         N/A       88%         3
 Portal Projectile        Hex/Tloc       0%         N/A       88%         3
 Teleport Other           Tloc           0%         N/A       88%         3
 Tukima's Dance           Hex            0%         N/A       88%         3
 Fulminant Prism          Conj/Hex       0%         3d6       99%         4
 Iskenderun's Mystic Bla  Conj/Tloc      0%         2d3       99%         4
 Blade Hands              Tmut           0%         N/A       100%        5
 Lee's Rapid Deconstruct  Erth           0%         3d5*      100%        5


Dungeon Overview and Level Annotations

Branches:
Dungeon (5/15)
 Temple: D:4-7

Altars:
Trog
Wu Jian

Shops:
D:4 [


Innate Abilities, Weirdness & Mutations

You have a pair of horns on your head.
You reflexively headbutt those who attack you in melee.


Message History

The orc warrior is lightly wounded.
You feel sick.
The orc warrior hits you with a +0 scimitar.
You shoot an arrow.
The arrow closely misses the orc warrior.
You feel sick. The orc warrior completely misses you.
You shoot an arrow.
The arrow barely misses the orc warrior.
You feel sick. The orc warrior barely misses you. You furiously retaliate!
You headbutt the orc warrior! The orc warrior barely misses you.
You furiously retaliate!
You headbutt the orc warrior, but do no damage.
You shoot an arrow.
The arrow closely misses the orc warrior.
You feel sick.
The orc warrior hits you with a +0 scimitar!
You are too injured to fight recklessly!
You are too injured to fight recklessly!
You are too injured to fight recklessly!
You are too injured to fight recklessly!
You are too injured to fight recklessly!
You are too injured to fight recklessly!
Fire: a) +0 shortbow
Press: ? - help, Q - select action, (/) - cycle Shift-Dir - straight line, f/p - orc warrior
Aim: an orc warrior, wielding a +0 scimitar and wearing a +0 chain mail (heavily wounded, 64% to hit)
You shoot an arrow.
The arrow hits the orc warrior but does no damage.
The orc warrior is heavily wounded.
You feel sick.
The orc warrior hits you with a +0 scimitar!
* * * LOW HITPOINT WARNING * * *
Unknown command.
Fire: a) +0 shortbow
Press: ? - help, Q - select action, (/) - cycle Shift-Dir - straight line, f/p - orc warrior
Aim: an orc warrior, wielding a +0 scimitar and wearing a +0 chain mail (heavily wounded, 64% to hit)
You shoot an arrow. The arrow hits the orc warrior.
The orc warrior is heavily wounded.
You feel sick.
The orc warrior hits you with a +0 scimitar!
You die...

#)# #o# #.# #.# #.# #.# ..
#########.###.?.. #######
.......@o...†....
.#.#..############.###....
....._#............# .
......#..#########.#
.#.#.⌠#......... ..#
_#8#.##.)..#######.#
#######....#### #.#
†..'............ ...
#.##.......##### #..


You could see an orc warrior.

Vanquished Creatures
  An ogre (D:4)
  A centaur (D:3)
  A phantom (D:4)
  3 scorpions
  A howler monkey (D:5)
  3 quasits (D:4)
  A hound (D:3)
  2 orc priests
  3 iguanas
  An orc wizard (D:5)
  4 gnolls (D:4)
  6 adders
  A white imp (D:4)
  3 ufetubi
  2 worms
  2 dart slugs
  7 orcs
  5 bats
  2 endoplasms (D:1)
  7 giant cockroaches
  7 goblins
  4 hobgoblins
  3 jackals (D:2)
  7 quokkas
  5 ball pythons
  5 frilled lizards
  8 kobolds
  3 rats
98 creatures vanquished.

Vanquished Creatures (others)
  6 demonic plants (D:4)
6 creatures vanquished.

Grand Total: 104 creatures vanquished

Notes
Turn   | Place    | Note
-------+----------+-------------------------------------------
     0 | D:1      | safid the Minotaur Hunter began the quest for the Orb.
     0 | D:1      | Reached XP level 1. HP: 18/18 MP: 0/0
   380 | D:1      | Reached XP level 2. HP: 26/26 MP: 1/1
  1024 | D:2      | Reached skill level 5 in Ranged Weapons
  1024 | D:2      | Reached XP level 3. HP: 31/31 MP: 2/2
  1480 | D:2      | Found a faded altar of an unknown god.
  1534 | D:3      | Reached XP level 4. HP: 40/40 MP: 3/3
  1815 | D:3      | Noticed a centaur
  1825 | D:3      | Killed a centaur
  1826 | D:3      | Reached skill level 5 in Fighting
  1826 | D:3      | Reached XP level 5. HP: 18/48 MP: 4/4
  2366 | D:4      | Noticed an ogre
  2377 | D:4      | Killed an ogre
  2378 | D:4      | Reached XP level 6. HP: 50/57 MP: 5/5
  2569 | D:4      | Reached XP level 7. HP: 42/64 MP: 6/6
  3229 | D:4      | Found Suvvenae's Armour Emporium.
  3544 | D:5      | Entered Level 5 of the Dungeon
  3715 | D:5      | Found an ornate altar of the Wu Jian Council.
  3715 | D:5      | Found a bloodstained altar of Trog.
  3757 | D:5      | Identified the +3 great sword "Hidyu" {vorpal, SInv}
  3788 | D:5      | Slain by an orc warrior

Illustrated notes

Levels and vault maps discovered:
D:1:      dpeg_arrival_leaves_temple_mockup, layout_basic, serial_glass,
          glass_columns_b, glass_columns_b, minmay_misc_feat_cross
D:2:      layout_rooms, shapermc_ecumenical_altar_mp_vishouse,
          grunt_ministairs_9
D:3:      layout_loops_cross, minmay_misc_feat_plants
D:4:      layout_rooms, serial_demonic, serial_demonic_e, serial_demonic_g,
          serial_demonic_e, serial_demonic_a, serial_demonic_f,
          serial_demonic_a, serial_shops, nicolae_shop_behind_doors,
          chequers_serial_rivers_micro_e
D:5:      layout_basic, minitemple, st_stairs_8, chequers_serial_rivers_small_a

Skill      XL: |  1  2  3  4  5  6  7 |
---------------+----------------------+-----
Fighting       | 3 4 5 6 8 |  8.0
Ranged Weapons | 5 6 7 8 |  8.3
Dodging        | |  2.1
Stealth        | |  0.7

Action                   |  1- 3 |  4- 6 |  7- 9 || total
-------------------------+-------+-------+-------++-------
 Fire: Shortbow          |    93 |   119 |   106 ||   318
Armor: Leather armour    |    11 |    14 |    23 ||    48
Dodge: Dodged            |    17 |    40 |    57 ||   114
